 Dungeon Crawl Stone Soup version 0.26.0-57-g60708a5e39 (webtiles) character file.

Game seed: 13011152417023517495

1001 kaeus the Martial Artist (level 8, -12/62 HPs)
             Began as a Grey Draconian Transmuter on Feb 1, 2021.
             Mangled by an orc warrior
             ... wielding a +0 flail
              (21 damage)
             ... on level 6 of the Dungeon.
             The game lasted 00:07:37 (7592 turns).

kaeus the Martial Artist (DrTm)                     Turns: 7592, Time: 00:07:38

Health: -12/62     AC:  2    Str: 12    XL:     8   Next: 0%
Magic:  4/12       EV: 20    Int: 14    God:
Gold:   288        SH:  0    Dex: 19    Spells: 10/13 levels left

rFire    . . .     SeeInvis .     - Unarmed
rCold    . . .     Faith    .   (shield currently unavailable)
rNeg     + . .     Spirit   .   (armour unavailable)
rPois    x         Reflect  .   (helmet currently unavailable)
rElec    .         Harm     .   (cloak currently unavailable)
rCorr    .         Rampage  .   (gloves currently unavailable)
Will     .....                  (boots currently unavailable)
Stlth    ++........             (no amulet)
HPRegen  0.20/turn              j - ring of positive energy
MPRegen  0.13/turn              (no ring)

@: spider-form
A: tiny, (walk through water), unfitting armour, AC +11
a: End Transformation


You were on level 6 of the Dungeon.
You were a venomous arachnid creature.
You visited 2 branches of the dungeon, and saw 7 of its levels.

You collected 288 gold pieces.

Inventory:

Jewellery
 j - a ring of positive energy (left front leg)
 s - an uncursed ring of fire {unknown}
Wands
 m - a wand of polymorph (8)
Scrolls
 a - a scroll of noise {unknown}
 c - 2 scrolls of identify {unknown}
 d - 2 scrolls of amnesia
 e - 2 scrolls of remove curse
 f - a scroll of immolation
 k - a scroll of fear {unknown}
 n - 2 scrolls of teleportation
 q - a scroll of magic mapping {unknown}
 r - a scroll of blinking
Potions
 b - 2 potions of heal wounds {unknown}
 g - 2 potions of brilliance {unknown}
 h - a potion of magic {unknown}
 i - a potion of flight {unknown}
 l - a potion of lignification {unknown}
 o - 2 potions of curing {unknown}
 p - 3 potions of haste {unknown}


   Skills:
 + Level 2.9 Fighting
 + Level 2.2 Dodging
 + Level 8.1 Unarmed Combat
 - Level 3.0 Spellcasting
 + Level 3.5 Transmutations
 - Level 1.5 Poison Magic


You had 10 spell levels left.
You knew the following spells:

 Your Spells              Type           Power        Failure   Level
a - Spider Form           Tmut/Pois      4%           43%         3

Your spell library contained the following spells:

 Spells                   Type           Power        Failure   Level
 Beastly Appendage        Tmut           24%          14%         1
 Wereblood                Tmut           12%          21%         2
 Ice Form                 Ice/Tmut       7%           87%         4
 Blade Hands              Tmut           6%           92%         5


Dungeon Overview and Level Annotations

Branches:
Dungeon (6/15)             Temple (1/1) D:4

Altars:
Ashenzari
Dithmenos
Elyvilon
Fedhas
Gozag
Hepliaklqana
Kikubaaqudgha
Makhleb
Nemelex Xobeh
Okawaru
Qazlal
Ru
Trog
Vehumet
Wu Jian
Xom
Yredelemnul
The Shining One

Annotations:
D:5 exclusion: oklob plant


Innate Abilities, Weirdness & Mutations

((You can walk through water.))
((Your dull iron-grey scales are very hard. (AC +11)))
You cannot fit into any form of body armour.
((You can survive without breathing.))
((You are cold-blooded and may be slowed by cold attacks.))


Message History

You take 4 damage, and have 28/62 hp.
Casting: Spider Form (dangerous; 22% risk of failure)
Confirm with . or Enter, or press ? or * to list all spells.
You turn into a venomous arachnid creature.
The orc hits you with a +2 flail of protection.
The orc wizard casts a spell at you. The puff of frost hits you!
* * * LOW HITPOINT WARNING * * *
You take 17 damage, and have 11/62 hp.
MASSIVE DAMAGE!!
You now have 4/12 mp.
You hit the orc wizard.
The orc wizard looks as sick as possible!
The orc wizard is heavily wounded.
The orc warrior closely misses you.
You bite the orc warrior!
The orc warrior is moderately wounded.
The orc misses you.
The orc wizard hits you with a +0 dagger.
* * * LOW HITPOINT WARNING * * *
The orc warrior hits you with a +0 flail!!
You die...

#######..
#########<.......
########..†......######.
......oso..............
........o##############
....###### ###


You could see an orc warrior, an orc wizard (extremely poisoned) and an orc.

Vanquished Creatures
  A phantom (D:5)
  An ogre (D:4)
  A water moccasin zombie (D:4)
  2 scorpions
  3 hounds
  5 orc priests
  2 orc wizards (D:3)
  6 worker ants
  2 hound skeletons
  3 gnolls (D:4)
  5 adders
  An ufetubus (D:5)
  An ooze (D:3)
  2 worms
  2 dart slugs
  5 leopard geckos
  21 orcs
  5 bats
  6 giant cockroaches
  13 goblins
  6 hobgoblins (D:1)
  6 jackals
  12 kobolds
  6 quokkas
  A ball python (D:3)
  5 frilled lizards
  8 rats
131 creatures vanquished.

Notes
Turn   | Place    | Note
-------+----------+-------------------------------------------
     0 | D:1      | kaeus the Draconian Transmuter began the quest for the Orb.
     0 | D:1      | Reached XP level 1. HP: 16/16 MP: 3/3
   117 | D:1      | Reached XP level 2. HP: 24/24 MP: 3/5
   654 | D:1      | Reached XP level 3. HP: 26/30 MP: 4/6
   661 | D:1      | Learned a level 3 spell: Spider Form
  1433 | D:2      | Reached skill level 1 in Poison Magic
  1489 | D:2      | Reached XP level 4. HP: 28/37 MP: 7/7
  2068 | D:3      | Found a white marble altar of Elyvilon.
  2757 | D:3      | Reached XP level 5. HP: 23/42 MP: 5/9
  3121 | D:3      | Reached skill level 4 in Unarmed Combat
  3435 | D:3      | Reached skill level 5 in Unarmed Combat
  3435 | D:3      | Reached XP level 6. HP: 6/50 MP: 6/10
  4322 | D:4      | Found a staircase to the Ecumenical Temple.
  4328 | Temple   | Entered the Ecumenical Temple
  4579 | D:4      | Reached skill level 6 in Unarmed Combat
  4695 | D:4      | Found an iron altar of Okawaru.
  4758 | D:4      | Your scales start taking on a dull iron-grey colour.
  4758 | D:4      | Reached XP level 7. HP: 31/56 MP: 7/11
  4758 | D:4      | Gained mutation: You can survive without breathing. [Grey
                  | Draconian growth]
  4763 | D:4      | Reached skill level 7 in Unarmed Combat
  5614 | D:5      | Entered Level 5 of the Dungeon
  6473 | D:5      | Found a burning altar of Makhleb.
  6553 | D:5      | Reached skill level 8 in Unarmed Combat
  6650 | D:5      | Found a broken altar of Ashenzari.
  6786 | D:5      | Found an ornate altar of the Wu Jian Council.
  7207 | D:5      | Found an ancient bone altar of Kikubaaqudgha.
  7462 | D:5      | Found a blossoming altar of Fedhas.
  7472 | D:5      | Noticed an oklob plant
  7580 | D:6      | Reached XP level 8. HP: 58/62 MP: 5/12
  7592 | D:6      | Mangled by an orc warrior

Illustrated notes

Levels and vault maps discovered:
D:1:      tarquinn_simple_flora_water_d, layout_basic, minmay_stone_trees_large
D:2:      layout_loops_ring, minmay_box_of_dots
D:3:      layout_basic, elyvilon_altar_5, interstate_on_off,
          minmay_misc_feat_alley
D:4:      layout_basic, okawaru_metal_pillars_3, minmay_temple_entry_butterflies
D:5:      layout_loops_ring, lemuel_round_altar, kennysheep_mini_moat,
          tgw_fedhas, marbit_many_paths, kiku_gazebo_pond_becter
D:6:      layout_rooms
Temple:   jpeg_temple_clearing

Skill      XL: |  1  2  3  4  5  6  7 |
---------------+----------------------+-----
Fighting       | 2 |  2.9
Poison Magic   | 1 |  1.5
Transmutations | 3 |  3.5
Spellcasting   | 3 |  3.0
Unarmed Combat | 5 6 8 |  8.1
Dodging        | 2 |  2.2

Action                   |  1- 3 |  4- 6 |  7- 9 || total
-------------------------+-------+-------+-------++-------
Melee: Unarmed           |   101 |   211 |   102 ||   414
       Tailslap          |    12 |    11 |     2 ||    25
       Kick              |    15 |     5 |       ||    20
       Headbutt          |     7 |     8 |       ||    15
       Punch             |       |     2 |     1 ||     3
 Cast: Beastly Appendage |    29 |    10 |       ||    39
       Spider Form       |       |    14 |    15 ||    29
  Use: Scroll            |       |     7 |       ||     7
 Stab: Sleeping          |       |     2 |       ||     2
Armor: Skin              |    32 |    35 |    14 ||    81
Dodge: Dodged            |    68 |   152 |    93 ||   313
